 Dungeon Crawl Stone Soup version 0.26-a0-43-g20b394cb32 (webtiles) character file.

Game seed: 4454444024014534781

2 MarredHen the Conjurer (level 1, 0/10 HPs)
             Began as a Kobold Conjurer on June 2, 2020.
             Slain by a giant cockroach (2 damage)
             ... on level 1 of the Dungeon.
             The game lasted 00:00:25 (141 turns).

MarredHen the Conjurer (Kobold Conjurer)             Turns: 141, Time: 00:00:26

Health: 0/10       AC:  2    Str:  5    XL:     1   Next: 44%
Magic:  1/3        EV: 15    Int: 16    God:
Gold:   0          SH:  0    Dex: 15    Spells: 3/4 levels left

rFire    . . .     SeeInvis .   (weapon restricted)
rCold    . . .     Gourm    .   (shield restricted)
rNeg     . . .     Faith    .   a - +0 robe
rPois    .         Spirit   .   (no helmet)
rElec    .         Reflect  .   (no cloak)
rCorr    .         Harm     .   (no gloves)
MR       .....                  (no boots)
Stlth    ++........             (no amulet)
HPRegen  0.03/turn              (no ring)
MPRegen  0.08/turn              (no ring)

@: no status effects
A: small, carnivore
a: no special abilities


You were on level 1 of the Dungeon.
You were not hungry.

You visited 1 branch of the dungeon, and saw 1 of its levels.

Inventory:

Armour
 a - a +0 robe (worn)
Scrolls
 b - a scroll of identify {unknown}
Comestibles
 c - a ration


   Skills:
 + Level 2.4 Dodging
 + Level 2.7 Stealth
 + Level 2.2 Spellcasting
 + Level 4.1 Conjurations


You had 3 spell levels left.
You knew the following spells:

 Your Spells              Type           Power        Failure   Level  Hunger
a - Magic Dart            Conj           ###.         3%          1    #......

Your spell library contained the following spells:

 Spells                   Type           Power        Failure   Level  Hunger
 Searing Ray              Conj           ###...       5%          2    ###....
 Dazzling Flash           Conj/Hex       #.....       26%         3    ###....
 Fulminant Prism          Conj/Hex       #.........   65%         4    #####..
 Iskenderun's Mystic Bla  Conj/Tloc      #.......     65%         4    #####..


Dungeon Overview and Level Annotations

Branches:
Dungeon (1/15)

Altars:


Innate Abilities, Weirdness & Mutations

You are small and have problems with some larger weapons.
You are carnivorous and can eat meat at any time.


Message History

Press: ? - help, Shift-Dir - straight line, f/p - bat
Aim: a bat (moderately wounded)
The magic dart hits the bat.
The bat is severely wounded.
The bat misses you.
The giant cockroach bites you but does no damage.
You barely miss the giant cockroach.
The giant cockroach is heavily wounded.
The bat closely misses you. x2; The giant cockroach closely misses you.
You closely miss the giant cockroach.
The giant cockroach is heavily wounded.
The bat hits you but does no damage. The bat closely misses you.
The giant cockroach closely misses you. x2
You hit the giant cockroach but do no damage.
The giant cockroach is heavily wounded.
The bat closely misses you. The bat misses you. The giant cockroach misses you.
You closely miss the giant cockroach.
The giant cockroach is heavily wounded.
The bat hits you but does no damage. The giant cockroach bites you.
You die...

.......... ##.###
#......... ......
#......... ......
#.........
......#######.#######
...........##.#
...........##.#######
.............s.(....+
###..)..##@.###### #
#.....###b...# #.
#.....# ....#
##.###.....# ....# .
..#.....# ....#
#.#.#.....# #...#
#####.#.#.....## ..##
......................
.###.#.###########.#.


You could see a giant cockroach and a bat.

Vanquished Creatures
  A bat (D:1)
  A hobgoblin (D:1)
2 creatures vanquished.

Notes
Turn   | Place    | Note
-------+----------+-------------------------------------------
     0 | D:1      | MarredHen the Kobold Conjurer began the quest for the Orb.
     0 | D:1      | Reached XP level 1. HP: 10/10 MP: 3/3
   141 | D:1      | Slain by a giant cockroach

Illustrated notes

Levels and vault maps discovered:
D:1:      dpeg_arrival_connections, layout_basic

Action                   || total
-------------------------++-------
Melee: Unarmed           ||    30
 Cast: Magic Dart        ||    11
Armor: Robe              ||    16
Dodge: Dodged            ||    63

Table legend:
 A = Non-vault XP
 B = Vault XP
 C = Vault XP percentage of total XP
 D = Non-vault monster count
 E = Vault monster count
 F = Vault count percentage of total count
                 A         B        C        D         E       F
            +---------+---------+-------+---------+---------+-------
      Total |       4 |       0 |   0.0 |       2 |       0 |   0.0
            +---------+---------+-------+---------+---------+-------
        D:1 |       4 |       0 |   0.0 |       2 |       0 |   0.0
            +---------+---------+-------+---------+---------+-------
